Map: Ruins of Seras

Players

Cheeseysheep

  • Race: Terran Terran
  • League: Silver

wabbajack - Winner!

  • Race: Zerg Zerg
  • League: Gold

VOD

Have the link to the VOD?

Description

Time

  • Played on: July 18, 2015, 5:17 p.m.
  • Length: 20:42
Show
View Real Time Build Order
Export as new Build Order

Cheeseysheep Terran 

Build Orders: MMM Bio 

Get SALT Encoding   

  12  0:01  SCV  
  13  0:18  Supply Depot  
  13  0:20  SCV  
  14  0:32  SCV  
  15  0:41  Barracks  
  15  0:44  Refinery  
  15  0:47  SCV  
  16  0:59  Supply Depot  
  16  1:01  SCV  
  17  1:14  SCV  
  18  1:29  Supply Depot  
  18  1:30  Orbital Command  
  18  1:39  Reaper  
  19  1:45  Refinery  
  19  1:56  Barracks  
  19  2:13  Reaper  
  20  2:26  SCV  
  20  2:28  Engineering Bay  
  21  2:31  Supply Depot  
  21  2:37  Factory  
  21  2:38  SCV  
  22  3:01  Reaper  
  22  3:02  Reaper  
  23  3:13  Terran Infantry Weapons Level 1  
  23  3:22  Factory Tech Lab  
  23  3:40  Command Center  
  23  3:43  Marine x2  
  25  4:01  Marine x2  
  27  4:07  Siege Tank  
  27  5:14  Hellion  
  27  5:21  Marine x2  
  15  5:25  SCV  
  18  5:28  Orbital Command  
  20  5:35  Hellion  
  20  5:37  SCV  
  20  5:42  Barracks Reactor  
  22  5:49  SCV  
  22  5:50  Barracks Tech Lab  
  22  5:55  SCV  
  22  5:56  Cyclone, Barracks  
  26  6:01  SCV  
  27  6:07  SCV  
  28  6:13  SCV, Sensor Tower  
  28  6:14  Stimpack  
  28  6:16  Marauder  
  28  6:18  Marine x2  
  33  6:19  SCV  
  33  6:24  Infernal Pre-Igniter  
  33  6:25  SCV  
  35  6:32  SCV  
  36  6:35  Marine  
  36  6:36  Cyclone, Marine  
  36  6:37  SCV  
  42  6:44  SCV  
  43  6:53  Barracks Tech Lab  
  43  6:55  Marauder  
  43  7:01  SCV x2  
  46  7:07  Supply Depot  
  47  7:11  Terran Infantry Armor Level 1  
  47  7:13  SCV x2  
  49  7:24  Starport  
  49  7:25  SCV x2  
  51  7:36  Armory  
  51  7:37  SCV  
  51  7:38  SCV  
  51  7:41  Hellion  
  55  7:49  SCV  
  55  7:50  SCV  
  57  7:58  Concussive Shells  
  57  8:01  SCV  
  57  8:02  SCV  
  57  8:03  Hellion  
  61  8:13  SCV  
  61  8:14  SCV, Combat Shields  
  61  8:17  Marine  
  61  8:18  Refinery x2, Marine x3  
  67  8:24  Hellion  
  67  8:25  SCV  
  70  8:28  SCV  
  60  8:35  Marine x2  
  60  8:36  Marine x2  
  60  8:38  SCV  
  60  8:40  SCV  
  64  8:48  Missile Turret  
  64  8:57  SCV  
  64  9:02  Starport Reactor  
  65  9:06  Terran Infantry Weapons Level 2, Terran Vehicle Weapons Level 1  
  65  9:09  SCV  
  66  9:11  Hellion, Missile Turret  
  66  9:13  Marine x2  
  70  9:31  Supply Depot  
  70  9:32  Supply Depot  
  70  9:35  Supply Depot  
  70  9:52  SCV, Hellion, Marine x2  
  75  10:04  SCV  
  76  10:16  SCV  
  76  10:49  Marauder x2  
  80  10:50  Marine x2  
  80  10:52  Medivac x2  
  86  11:01  Siege Tank  
  89  11:08  Marine x2  
  89  11:10  Marauder  
  93  11:15  Marauder  
  59  11:26  Marine x2  
  59  11:33  Siege Tank  
  62  11:41  Terran Infantry Armor Level 2  
  62  11:44  Medivac x2  
  66  11:55  Starport  
  66  11:58  Barracks  
  66  12:00  Barracks  
  66  12:08  Terran Vehicle Weapons Level 2  
  68  12:23  Marauder x2  
  68  12:27  Marine x2  
  72  12:31  Starport Tech Lab  
  72  12:40  Viking x2  
  78  12:44  Marauder x2  
  78  12:45  Marine x2  
  82  13:02  Marine  
  82  13:03  Marine  
  84  13:10  Viking x2  
  88  13:19  Barracks Reactor, Barracks Tech Lab, Supply Depot  
  88  13:20  Supply Depot, Marine x2  
  88  13:21  Command Center, Raven  
  88  13:24  Supply Depot, Corvid Reactor  
  92  13:51  Supply Depot  
  92  13:59  Marauder x3  
  98  14:04  Raven  
  99  14:44  Liberator x2  
  99  14:54  Marine  
  99  14:55  Marine x6  
  112  15:12  Marine x2  
  114  15:27  Liberator x2  
  114  15:35  Explosive Shrapnel Shells  
  119  16:16  Terran Ship Weapons Level 1  
  117  17:15  Raven  
  122  17:22  Siege Tank  
  122  17:28  Marauder x2  
  126  17:32  Supply Depot  
  126  17:34  Supply Depot  
  126  17:35  Terran Infantry Weapons Level 3  
  126  17:37  Supply Depot  
  126  17:49  Marauder, Marine  
  126  17:51  Marine x3  
  78  19:02  Marine  
  73  19:03  Marine x6  
  79  19:20  Marine  
  79  19:21  Command Center, Marine x6  
  86  19:38  Marine x7  
  93  19:56  Marine x7  
  93  19:57  Viking  
  102  20:10  Viking  
  98  20:14  Marine x3  
Show
View Real Time Build Order
Export as new Build Order

wabbajack Zerg - Winner!

Build Orders: Pool First, Lurkers 

Get SALT Encoding   

  12  0:01  Drone  
  13  0:12  Drone  
  14  0:22  Extractor  
  14  0:24  Drone, Extractor  
  14  0:25  Drone  
  16  0:36  Spawning Pool  
  16  0:39  Extractor  
  14  0:46  Overlord  
  14  0:53  Extractor  
  14  0:54  Drone  
  15  1:09  Drone  
  15  1:10  Drone x2  
  18  1:25  Queen  
  20  1:30  Zergling x2  
  20  1:31  Overlord  
  21  1:42  Drone  
  22  1:57  Hatchery  
  21  2:08  Queen  
  23  2:14  Metabolic Boost  
  23  2:24  Baneling Nest  
  22  2:36  Drone x3  
  25  2:44  Pneumatized Carapace  
  25  3:11  Spine Crawler  
  24  3:26  Overlord  
  24  3:28  Zergling x6  
  24  3:30  Zergling x6  
  30  3:34  Extractor  
  30  3:38  Drone  
  30  3:39  Drone x4  
  34  3:44  Overlord  
  34  4:12  Zergling x2  
  35  4:19  Zergling x6  
  35  4:20  Roach Warren  
  35  4:30  Baneling  
  35  4:31  Baneling x3  
  34  4:34  Queen  
  35  4:39  Zergling x4  
  35  4:40  Zergling x8  
  33  5:31  Spore Crawler  
  33  5:32  Drone, Spine Crawler  
  33  5:33  Drone x8  
  40  5:43  Queen  
  40  5:48  Hatchery  
  41  6:01  Overlord x2  
  41  6:06  Baneling x3  
  41  6:07  Baneling  
  41  6:10  Lair  
  41  6:16  Evolution Chamber  
  41  6:18  Drone x3  
  41  6:19  Drone  
  44  6:29  Evolution Chamber  
  41  7:28  Zerg Ground Armor Level 1  
  41  7:29  Zerg Melee Weapons Level 1  
  41  7:30  Centrifical Hooks  
  41  7:32  Glial Reconstitution  
  41  7:37  Drone x5  
  41  7:38  Drone x2  
  41  7:39  Drone  
  41  7:40  Drone  
  41  7:41  Drone x2  
  41  7:42  Drone x9  
  41  7:43  Queen  
  63  7:48  Overlord  
  57  8:42  Extractor  
  57  8:44  Overlord x5, Extractor  
  55  8:54  Hydralisk Den  
  55  8:55  Extractor, Zergling x18  
  60  8:57  Extractor  
  61  9:13  Drone  
  61  9:15  Drone x3  
  61  9:16  Drone x3  
  68  9:25  Lurker Den  
  68  9:26  Drone x2  
  68  9:27  Drone x3  
  68  9:28  Drone x3  
  68  9:29  Drone  
  68  9:30  Drone  
  78  9:32  Drone  
  79  9:40  Zerg Ground Armor Level 2  
  79  9:41  Zerg Missile Weapons Level 1  
  79  9:45  Baneling x7  
  79  9:46  Baneling  
  79  10:04  Hydralisk x4  
  79  10:05  Hydralisk x4  
  79  10:06  Overlord  
  79  10:07  Overlord x3  
  95  10:38  Roach  
  95  10:39  Roach x14  
  95  10:40  Zergling x2  
  95  10:41  Zergling x8  
  129  10:58  Lurker x4  
  129  10:59  Lurker x2  
  129  11:02  Roach x2  
  129  11:03  Roach, Zergling x2  
  142  11:04  Zergling x4  
  144  11:12  Zergling x2  
  116  11:50  Drone x3  
  116  11:51  Hatchery, Drone x2  
  116  11:52  Hatchery  
  119  11:56  Zerg Melee Weapons Level 2  
  119  12:02  Infestation Pit  
  119  12:03  Spire  
  119  12:06  Hatchery  
  116  12:18  Hatchery  
  116  12:19  Hatchery  
  114  12:29  Extractor  
  113  12:30  Muscular Augments  
  113  12:31  Zerg Missile Weapons Level 2, Extractor x2  
  113  12:35  Hydralisk x4, Roach, Extractor  
  113  12:36  Hydralisk x5, Roach x5  
  113  12:37  Roach x3  
  144  12:38  Overlord x4  
  146  12:51  Overlord x2  
  146  12:52  Overlord  
  146  12:57  Hive  
  146  13:00  Tunneling Claws  
  146  13:01  Spore Crawler  
  146  13:04  Burrow, Spine Crawler  
  144  13:09  Drone x3  
  144  13:10  Drone x2  
  144  13:12  Drone  
  150  13:18  Drone x3  
  153  13:20  Drone x3  
  156  14:18  Queen x2  
  156  14:19  Queen  
  161  14:43  Extractor  
  161  14:44  Extractor  
  159  14:48  Drone x3  
  159  14:49  Drone x2  
  159  14:50  Drone  
  159  14:51  Drone  
  159  14:52  Drone x2  
  168  14:54  Extractor x2  
  168  14:55  Extractor  
  168  14:56  Drone x3  
  168  14:57  Drone x3  
  168  14:58  Extractor  
  168  14:59  Drone x3  
  173  15:05  Queen x2  
  177  15:52  Ultralisk Cavern  
  177  15:54  Zerg Ground Armor Level 3  
  177  15:55  Zerg Melee Weapons Level 3  
  177  15:57  Greater Spire  
  176  16:12  Adrenal Glands  
  176  16:39  Overseer x4  
  176  16:42  Chitinous Plating  
  162  17:12  Lurker x5  
  162  17:13  Lurker, Corruptor  
  162  17:14  Corruptor x15  
  200  17:33  Roach x11  
  140  18:29  Overlord x3  
  140  18:43  Zerg Flyer Weapons Level 1  
  138  19:00  Corruptor x2  
  138  19:01  Corruptor x12  
  164  19:08  Brood Lord  
  164  19:09  Brood Lord x7  
  180  19:26  Ultralisk  
  180  19:28  Ultralisk  
  192  20:09  Overseer x2  
  192  20:13  Overseer x3  
Tags
 
Add a new tag
Caveats
  • Supply blocks, unpowered buildings, or Contaminate may cause inaccurate times.
  • Supply counts are checked every 10 seconds.